 Dungeon Crawl Stone Soup version 0.18-a0-1514-g6ed9364 (webtiles) character file.

2768 GrosslyIncandescent the Martial Artist (level 9, -8/74 HPs)
             Began as a Mummy Monk on Mar 6, 2016.
             Mangled by a two-headed ogre
             ... wielding a cursed +0 giant club
              (25 damage)
             ... on level 8 of the Dungeon.
             The game lasted 00:28:38 (33292 turns).

GrosslyIncandescent the Martial Artist (MuMo)      Turns: 33292, Time: 00:28:38

Health: -8/74      AC:  5    Str: 15    XL:     9   Next: 42%
Magic:  9/9        EV: 16    Int:  9    God:
Gold:   398        SH:  0    Dex: 17    Spells: 0 memorised, 8 levels left

rFire  x . .     SeeInvis +       - Unarmed
rCold  + . .     Gourm    .     (no armour)
rNeg   + + +     Faith    .     (no shield)
rPois  ∞         Spirit   .     h - +0 helmet
rElec  .         Dismiss  .     (no cloak)
rCorr  .         Reflect  .     (no gloves)
SustAt .         Harm     .     l - +2 pair of boots
MR     +....                    (no amulet)
Stlth  ++........               d - +1 ring of protection
                                g - ring of see invisible

@: somewhat resistant to hostile enchantments, unstealthy
A: no food or potions, fire vulnerability, cold resistance 1, negative energy
resistance 3, torment resistance, unbreathing
a: no special abilities


You were on level 8 of the Dungeon.
You were not hungry.

You visited 1 branch of the dungeon, and saw 8 of its levels.

You collected 398 gold pieces.


Innate Abilities, Weirdness & Mutations

You do not eat or drink.
Your flesh is vulnerable to fire.
You are immune to poison.
Your flesh is cold resistant.
You are immune to negative energy.
You are immune to unholy pain and torment.
You can survive without breathing.


   Skills:
 - Level 8.0 Fighting
 + Level 5.5 Dodging
 - Level 1.5 Stealth
 - Level 8.2 Unarmed Combat


You had 8 spell levels left.
You didn't know any spells.

Inventory:

Hand Weapons
 c - the +3 arbalest of Midnight {freeze, +Fly Str+2, unknown}

   It causes projectiles fired from it to freeze those they strike, causing
   extra injury to most foes and up to half again as much damage against
   particularly susceptible opponents.
   They can also slow down cold-blooded creatures.
   It affects your strength (+2).
   It lets you fly.
Armour
 h - a +0 helmet (worn)
 l - a +2 pair of boots (worn)
 m - the cursed +1 robe "Gieng" {Dex+4, unknown}

   It affects your dexterity (+4).
   It has a curse placed upon it.
Jewellery
 d - a +1 ring of protection (right hand)
 g - a ring of see invisible (left hand)
Scrolls
 a - 2 scrolls of remove curse
 b - 2 scrolls of immolation {!r}
 e - 2 scrolls of enchant weapon (quivered)
 f - 2 scrolls of amnesia
 i - 2 scrolls of fog {unknown}
 j - 2 scrolls of blinking
 k - 2 scrolls of magic mapping {unknown}
 n - a scroll of random uselessness {unknown}
 p - a scroll of enchant armour {unknown}
 q - a scroll of teleportation {unknown}
 r - a scroll of summoning {unknown}
Books
 o - a Young Poisoner's Handbook

   Spells                             Type                      Level
   a - Sting                          Conjuration/Poison           1
   b - Cure Poison                    Poison                       2
   c - Mephitic Cloud                 Conjuration/Poison/Air       3
   d - Olgreb's Toxic Radiance        Poison                       4
   e - Venom Bolt                     Conjuration/Poison           5

Dungeon Overview and Level Annotations

Branches:
Dungeon (8/15)             Temple (0/1) D:5
   Lair: D:8-11

Altars:
Gozag
Trog
Xom
The Shining One

Annotations:
D:1 Free buckler with attached avian

▒.... ▒.▒>. ▒..... ▒.▒.▒
..o... ▒.....
▒.▒.▒▒▒.....▒. ▒.....
▒.▒.▒▒...o....
▒.....▒▒+▒▒▒.▒.▒▒.......▒
▒.▒........▒.▒.▒▒.......▒
+.......[..▒.▒.▒▒.......▒
▒▒.............▒▒oo.....▒
▒.............MOSo......
▒.............▒▒▒▒....▒▒
▒.............<▒ ...▒
▒.........▒+▒▒.▒ ..▒
...........▒ ..▒ .▒
▒▒▒▒▒▒▒▒▒▒▒▒ ▒▒▒▒ ▒


You could see a two-headed ogre, an adder and 3 orcs.


Message History

You beat the two-headed ogre into a bloody pulp!
The two-headed ogre is moderately wounded!
The two-headed ogre hits you with a giant club!!!
The two-headed ogre misses you!
You beat the two-headed ogre into a bloody pulp!
The two-headed ogre is moderately wounded!
The two-headed ogre hits you with a giant club! * * * don't die
* * * The two-headed ogre hits you with a giant spiked club!!! * * * don't die
* * * You barely miss the two-headed ogre!
You punch the two-headed ogre, but do no damage!
The two-headed ogre is moderately wounded!
You squash the two-headed ogre like an ant!
The two-headed ogre is heavily wounded!
The two-headed ogre misses you! x2
You squash the two-headed ogre but do no damage!
The two-headed ogre is heavily wounded!
The two-headed ogre misses you! The two-headed ogre closely misses you!
You squash the two-headed ogre like an ant!
The two-headed ogre is heavily wounded!
You pulverise the two-headed ogre!!!
The two-headed ogre is severely wounded!
The two-headed ogre hits you with a giant club!!! * * * don't die
* * * The two-headed ogre misses you!
You squash the two-headed ogre but do no damage!
The two-headed ogre is severely wounded!
The two-headed ogre hits you with a giant club!!!!!! rip

Action                   |  1- 3 |  4- 6 |  7- 9 || total
-------------------------+-------+-------+-------++-------
Melee: Unarmed           |   174 |   309 |   532 ||  1015
  Use: Scroll            |       |     6 |     1 ||     7
 Stab: Sleeping          |     6 |     7 |     4 ||    17
       Distracted        |       |       |     2 ||     2

Vault maps used:
D:1:      dpeg_arrival_ternary
D:2:      gammafunk_temple_overflow_elements, first_bread, ecumenical_altar_2
D:4:      wad_woods_stonehenge
D:5:      temple_fountains, basic_altar, nicolae_gozag_seed_capital
D:8:      serial_shops, nicolae_shop_trees

Notes
Turn   | Place    | Note
--------------------------------------------------------------
     0 | D:1      | GrosslyIncandescent the Mummy Monk began the quest for the Orb.
     0 | D:1      | Reached XP level 1. HP: 18/18 MP: 1/1
   150 | D:1      | Reached XP level 2. HP: 5/24 MP: 2/2
   905 | D:1      | Reached skill level 4 in Unarmed Combat
  1187 | D:1      | Reached XP level 3. HP: 12/29 MP: 3/3
  2607 | D:2      | Found a shimmering altar of Xom.
  2607 | D:2      | Found a bloodstained altar of Trog.
  2714 | D:2      | Found a faded altar to an unknown god.
  3272 | D:3      | Reached XP level 4. HP: 30/35 MP: 4/4
  4704 | D:4      | Found a glowing golden altar of the Shining One.
  4727 | D:4      | Reached skill level 5 in Unarmed Combat
  4792 | D:4      | Noticed an ogre
  4802 | D:4      | Got a bloodstained arbalest
  5169 | D:3      | Reached XP level 5. HP: 39/41 MP: 5/5
  5296 | D:4      | Reached skill level 4 in Fighting
  6095 | D:3      | Reached skill level 5 in Fighting
  6095 | D:3      | Reached XP level 6. HP: 38/51 MP: 6/6
  7212 | D:5      | Entered Level 5 of the Dungeon
  7215 | D:5      | Found an opulent altar of Gozag.
  7224 | D:4      | Reached skill level 3 in Dodging
  7645 | D:5      | Found a staircase to the Ecumenical Temple.
  7654 | D:5      | Got a creamy pearl robe
  8079 | D:5      | Found a bloodstained altar of Trog.
  8229 | D:5      | Reached skill level 4 in Dodging
  8229 | D:5      | Reached XP level 7. HP: 25/56 MP: 7/7
  8602 | D:6      | Reached skill level 5 in Dodging
  8925 | D:5      | Found a staircase to the Ecumenical Temple.
  9040 | D:5      | Found a bloodstained altar of Trog.
  9799 | D:6      | Reached skill level 6 in Unarmed Combat
 10159 | D:6      | Reached XP level 8. HP: 58/62 MP: 8/8
 10883 | D:7      | Reached skill level 7 in Unarmed Combat
 11119 | D:7      | HP: 3/62 [ogre/giant spiked club (10)]
 12254 | D:7      | Reached skill level 8 in Unarmed Combat
 12975 | D:7      | Reached skill level 6 in Fighting
 14096 | D:4      | Reached XP level 9. HP: 69/69 MP: 9/9
 14312 | D:4      | Reached skill level 7 in Fighting
 21556 | D:1      | Noticed a tengu warrior
 21562 | D:1      | Noticed a tengu conjurer
 23081 | D:2      | Found a faded altar to an unknown god.
 23310 | D:2      | Found a shimmering altar of Xom.
 23310 | D:2      | Found a bloodstained altar of Trog.
 23768 | D:2      | Found a faded altar to an unknown god.
 23828 | D:2      | Noticed a phantasmal warrior
 28711 | D:3      | Noticed a tengu conjurer
 32825 | D:4      | Found a glowing golden altar of the Shining One.
 32911 | D:4      | Noticed a rakshasa
 32948 | D:4      | Noticed a phantasmal warrior
 33103 | D:7      | Reached skill level 8 in Fighting
 33292 | D:8      | Mangled by a two-headed ogre

Vanquished Creatures
  An orc warrior (D:6)
  An eye of draining (D:8)
  A sky beast (D:7)
  A phantom (D:8)
  4 ogres
  A necrophage (D:5)
  4 centaurs
  4 giant frogs
  6 scorpions
  3 killer bees (D:4)
  A howler monkey (D:4)
  A crimson imp (D:6)
  A centaur zombie (D:7)
  3 hounds
  2 orc priests
  A gnoll shaman (D:4)
  2 jellies (D:7)
  2 orc wizards
  2 iguanas
  6 worker ants
  7 gnolls
  9 adders
  6 oozes
  An adder skeleton (D:4)
  An adder zombie (D:5)
  6 worms
  4 dart slugs
  8 giant geckos
  28 orcs
  6 giant cockroaches
  12 goblins
  15 hobgoblins
  17 jackals
  11 kobolds
  8 quokkas
  A ball python (D:1)
  15 bats
  A giant gecko skeleton (D:5)
  10 giant newts
  A quokka skeleton (D:5)
  11 rats
225 creatures vanquished.

Vanquished Creatures (others)
  An orc (D:4)
  46 plants (D:4)
47 creatures vanquished.

Grand Total: 272 creatures vanquished
